[Event "Titled Tuesday Blitz March 07 Late 2023"]
[White "Mirzoev, Azer"]
[Black "Mendez Fortes, Eduardo Jesus"]
[WhiteFideId "13400304"]
[BlackFideId "3502376"]
[WhiteElo "2525"]
[BlackElo "2307"]
[Result "0-1"]
[Round "08"]
[TimeControl "180+2"]
[Date "2023.03.07"]
[WhiteClock "0:00:07"]
[BlackClock "0:00:05"]

1. c4 Nf6 2. Nc3 e6 3. e4 c5 4. e5 Ng8 5. d4 cxd4 6. Qxd4 Nc6 7. Qe4 Qc7 8. Nf3 a6 9. Bf4 Nge7 10. O-O-O Ng6 11. Bg3 b6 12. h4 Bb7 13. h5 Nge7 14. Qg4 Nf5 15. Bh2 Bc5 16. Ne4 Na5 17. Kb1 Bxe4+ 18. Qxe4 Qc6 19. Qc2 Rc8 20. Bd3 Nh6 21. b3 Ba3 22. Bf4 Nf5 23. Bxf5 exf5 24. Nd4 Qxg2 25. Nxf5 b5 26. Rhg1 Qf3 27. Nxg7+ Kf8 28. Bh6 Ke7 29. Rg3 Qc6 30. Bg5+ Kf8 31. Nf5 bxc4 32. Bh6+ Ke8 33. Nd6+ Bxd6 34. Rxd6 Qh1+ 35. Rd1 Qxh5 36. Bg7 Rg8 37. Qd2 Qf5+ 38. Ka1 cxb3 39. Qxa5 Qc2 0-1


[Site "https://www.chess.com"]

[Event "Titled Tuesday Blitz March 07 Late 2023"]
[White "Melikhov, Evgeny V."]
[Black "Fus, Jakub"]
[WhiteFideId "4122046"]
[BlackFideId "1193023"]
[WhiteElo "2158"]
[BlackElo "2335"]
[Result "0-1"]
[Round "08"]
[TimeControl "180+2"]
[Date "2023.03.07"]
[WhiteClock "0:00:08"]
[BlackClock "0:01:09"]

1. d4 e6 2. c4 Nf6 3. Nc3 d5 4. cxd5 exd5 5. Bg5 c6 6. Qc2 h6 7. Bh4 Bd6 8. e3 O-O 9. Bd3 Re8 10. Nge2 a5 11. h3 Na6 12. a3 Nc7 13. O-O Ne6 14. f4 Be7 15. Rae1 Bd7 16. f5 Ng5 17. Bxg5 hxg5 18. g4 Bd6 19. e4 dxe4 20. Nxe4 Nxe4 21. Bxe4 Qf6 22. Bg2 Bc7 23. Nc3 Qxd4+ 24. Qf2 Qd6 25. Bf3 Rxe1 26. Rxe1 Re8 27. Rd1 Qe7 28. Qd4 Bc8 29. Kg2 Rd8 30. Qe4 Qf6 31. Rxd8+ Qxd8 32. Ne2 Kf8 33. Qd4 Qe7 34. Qc3 Qd6 35. Qd4 Qh2+ 36. Kf1 Qxh3+ 37. Bg2 Qh2 38. f6 gxf6 39. Qxf6 Qe5 40. Qxe5 Bxe5 41. Nc3 Bxc3 42. bxc3 Bxg4 43. Kf2 Ke7 44. Ke3 Kd6 45. Kd4 Be6 46. c4 b6 47. Bf3 f5 0-1


[Site "https://www.chess.com"]

[Event "Titled Tuesday Blitz March 07 Late 2023"]
[White "Kokoszczynski, Jan"]
[Black "Duda, Jan-Krzysztof"]
[WhiteFideId "1174460"]
[BlackFideId "1170546"]
[WhiteElo "2139"]
[BlackElo "2790"]
[Result "0-1"]
[Round "08"]
[TimeControl "180+2"]
[Date "2023.03.07"]
[WhiteClock "0:00:02"]
[BlackClock "0:00:08"]

1. Nf3 g6 2. d4 d6 3. g3 b6 4. Bg2 c6 5. O-O a6 6. c4 e6 7. Nc3 f6 8. e3 h6 9. e4 Ne7 10. h4 Bg7 11. Re1 Nd7 12. h5 g5 13. e5 fxe5 14. dxe5 d5 15. cxd5 cxd5 16. Nd4 Nxe5 17. f4 gxf4 18. Bxf4 Qd6 19. Qe2 N7c6 20. Nxc6 Qc5+ 21. Kh1 Nxc6 22. Nxd5 Nd4 23. Qg4 O-O 24. Be5 Ra7 25. Nf6+ Rxf6 26. Bxf6 e5 27. Qg6 Bf5 28. Qe8+ Kh7 29. Bxg7 Rxg7 30. Rac1 Qb4 31. Qxe5 Qxb2 32. Rcd1 Qf2 33. Rxd4 Rxg3 34. Qe7+ Rg7 35. Qe2 Qxd4 36. Rf1 Qh4+ 37. Kg1 Qd4+ 38. Kh1 Bd3 39. Qd2 Qh4+ 40. Kg1 Bxf1 0-1


[Site "https://www.chess.com"]

[Event "Titled Tuesday Blitz March 07 Late 2023"]
[White "Nilsen, Tobias Lang"]
[Black "Harsh Suresh"]
[WhiteFideId "1521624"]
[BlackFideId "45018464"]
[WhiteElo "2183"]
[BlackElo "2227"]
[Result "1-0"]
[Round "08"]
[TimeControl "180+2"]
[Date "2023.03.07"]
[WhiteClock "0:00:19"]
[BlackClock "0:00:03"]

1. e4 c5 2. Nf3 g6 3. d4 cxd4 4. Nxd4 Nc6 5. Nc3 Bg7 6. Be3 Nf6 7. Bc4 O-O 8. Bb3 Ng4 9. Qxg4 Nxd4 10. Qd1 Nxb3 11. axb3 d6 12. h4 h5 13. Qd2 Be6 14. O-O-O a5 15. Kb1 a4 16. bxa4 b5 17. Bh6 Bxh6 18. Qxh6 bxa4 19. Nd5 Rb8 20. Rd3 Bxd5 21. Rxd5 Qb6 22. Qc1 Rfc8 23. g4 e6 24. Rd3 Rc5 25. gxh5 Rxh5 26. Rg1 Rb5 27. h5 Rxh5 28. Rdg3 Qd4 29. Rxg6+ fxg6 30. Rxg6+ Kf7 31. Rg3 Qxe4 32. f3 Qf5 33. Rg4 a3 34. Rf4 Rxb2+ 35. Ka1 Ke7 36. Rxf5 exf5 37. Qe3+ Kd7 38. Qa7+ Ke6 39. Qxa3 Rb5 40. Qe3+ Re5 41. Qb3+ Kf6 42. Qc3 Rh8 43. f4 Ra8+ 44. Kb2 Rb8+ 45. Kc1 Rb5 46. fxe5+ Rxe5 47. Kd2 Ke6 48. Qg3 Rd5+ 49. Kc3 Re5 50. Kb3 Kd5 51. c4+ Kd4 52. Qf4+ Kc5 53. Kc3 Kc6 54. Qd4 Rc5 55. Qf6 Re5 56. Kb4 Rc5 57. Qe6 Re5 58. Qc8+ Kb6 59. Qd8+ Kc6 60. Qc8+ Kb6 61. Qd7 Rc5 62. Qxd6+ Rc6 63. Qd4+ Kb7 64. c5 Rc7 65. Kb5 Rc8 66. Qd5+ Kb8 67. Qxf5 Kc7 68. Qf7+ Kd8 69. c6 Rb8+ 70. Kc5 Rc8 71. Qd7# 1-0


[Site "https://www.chess.com"]

[Event "Titled Tuesday Blitz March 07 Late 2023"]
[White "Golubka, Petro"]
[Black "Sokolin, Leonid"]
[WhiteFideId "14114224"]
[BlackFideId "2009161"]
[WhiteElo "2391"]
[BlackElo "2394"]
[Result "1-0"]
[Round "08"]
[TimeControl "180+2"]
[Date "2023.03.07"]
[WhiteClock "0:00:13"]
[BlackClock "0:00:03"]

1. e4 c5 2. b3 a6 3. Bb2 Nc6 4. f4 Nf6 5. e5 Nd5 6. Qf3 e6 7. Bd3 b5 8. Be4 Bb7 9. Ne2 f5 10. Bxd5 exd5 11. d4 Qb6 12. Nbc3 Nxd4 13. Nxd4 cxd4 14. Ne2 Bb4+ 15. Kf1 O-O 16. Bxd4 Qc6 17. c3 Be7 18. h4 a5 19. Rc1 a4 20. b4 Qc4 21. Rc2 Bxb4 22. h5 h6 23. g4 Be7 24. Rg1 fxg4 25. Qxg4 Bg5 26. Ke1 Qd3 27. Rd2 Qb1+ 28. Rd1 Qf5 29. fxg5 hxg5 30. Qxg5 Qxg5 31. Rxg5 Rf7 32. h6 Ra6 33. Rxg7+ Rxg7 34. hxg7 Rh6 35. Kd2 Kxg7 36. e6+ Kf8 37. Bc5+ Ke8 38. exd7+ Kxd7 39. Rg1 Bc8 40. Rg2 Kc6 41. Be3 Rh3 42. Nd4+ Kc5 43. Rg7 Kd6 44. Nxb5+ Ke5 45. Rg5+ Kf6 46. Rg2 Bf5 47. Rf2 Kg6 48. a3 Be4 49. Nd6 Rh1 50. Nxe4 dxe4 51. Bc5 Rh3 52. Kc2 Rh4 53. Bd4 1-0


[Site "https://www.chess.com"]

[Event "Titled Tuesday Blitz March 07 Late 2023"]
[White "Sokac, Marko"]
[Black "Sai Krishna G V"]
[WhiteFideId "14531356"]
[BlackFideId "5028280"]
[WhiteElo "2355"]
[BlackElo "2359"]
[Result "0-1"]
[Round "08"]
[TimeControl "180+2"]
[Date "2023.03.07"]
[WhiteClock "0:00:47"]
[BlackClock "0:01:58"]

1. e4 e5 2. Nc3 Nc6 3. Bc4 Bb4 4. Nge2 Nge7 5. O-O O-O 6. d3 d6 7. f4 Na5 8. f5 Nxc4 9. dxc4 f6 10. Kh1 c6 11. Qd3 Qe8 12. a3 Bxc3 13. Nxc3 Qd7 14. Be3 Qc7 15. Rad1 Rd8 16. Rd2 b6 17. Rfd1 Bb7 18. Qe2 Rd7 19. h4 Rad8 20. h5 h6 21. Qg4 Kh8 22. Ne2 d5 23. cxd5 cxd5 24. exd5 Nxd5 25. Bf2 Ne7 26. Rxd7 Rxd7 27. Rxd7 Qxd7 28. Qc4 Qxf5 29. Qf7 Qh3+ 0-1


[Site "https://www.chess.com"]

[Event "Titled Tuesday Blitz March 07 Late 2023"]
[White "Cuenca Jimenez, Jose Fernando"]
[Black "Kochetov, Andrey"]
[WhiteFideId "2255570"]
[BlackFideId "24130532"]
[WhiteElo "2429"]
[BlackElo "2524"]
[Result "1-0"]
[Round "08"]
[TimeControl "180+2"]
[Date "2023.03.07"]
[WhiteClock "0:00:15"]
[BlackClock "0:00:13"]

1. c4 Nf6 2. Nf3 e6 3. d4 c5 4. d5 exd5 5. cxd5 d6 6. Nc3 g6 7. Bf4 a6 8. a4 Qe7 9. e3 Bg7 10. h3 O-O 11. Be2 Nbd7 12. Nd2 Ne8 13. O-O Ne5 14. a5 Bd7 15. Qb3 Rb8 16. Rfe1 Nc7 17. Qb6 Na8 18. Qa7 f5 19. Bh2 g5 20. Rab1 Rfc8 21. b4 c4 22. Rec1 Nd3 23. Rc2 Nc7 24. Nxc4 Ne5 25. Bxe5 Bxe5 26. Nxe5 Qxe5 27. Rbc1 Qe7 28. Qd4 Ne8 29. Bd3 Ng7 30. e4 f4 31. Re1 Rc7 32. e5 dxe5 33. Rxe5 Qf6 34. Ne4 Qf7 35. Rxc7 1-0


[Site "https://www.chess.com"]

[Event "Titled Tuesday Blitz March 07 Late 2023"]
[White "Rytenko, Vsevolod"]
[Black "Carbone, Diego"]
[WhiteFideId "14133040"]
[BlackFideId "3002179"]
[WhiteElo "2262"]
[BlackElo "2266"]
[Result "1-0"]
[Round "08"]
[TimeControl "180+2"]
[Date "2023.03.07"]
[WhiteClock "0:00:18"]
[BlackClock "0:00:04"]

1. e4 e5 2. Nf3 Nc6 3. d4 exd4 4. c3 dxc3 5. Bc4 Nf6 6. e5 d5 7. Bb5 cxb2 8. Bxb2 Ne4 9. O-O Bc5 10. Nc3 Nxc3 11. Bxc3 O-O 12. Bd3 Bg4 13. Rc1 Bb6 14. h3 Bh5 15. Bf5 d4 16. Bb2 Nxe5 17. g4 Nxf3+ 18. Qxf3 Bg6 19. Bxg6 fxg6 20. Qxb7 Qh4 21. Qg2 Rae8 22. Rcd1 c5 23. Ba3 Re2 24. Bxc5 Bxc5 25. Qd5+ Kh8 26. Qxc5 Ree8 27. Rd3 Rf4 28. Rxd4 Rxd4 29. Qxd4 Qxh3 30. Rc1 h5 31. gxh5 gxh5 32. Qf4 Re6 33. Qg3 Qf5 34. Kh2 Rg6 35. Qe3 Qg4 36. Qg3 Qf5 37. Qe3 Qg4 38. Qg3 Qxg3+ 39. fxg3 Ra6 40. Rc2 g6 41. Kh3 Kg7 42. Rb2 Ra5 43. Rc2 Kf6 44. Rb2 Kf5 45. Rf2+ Ke4 46. Rf6 g5 47. Rh6 h4 48. gxh4 gxh4 49. Rxh4+ Kf3 50. a4 Ra6 51. Kh2 Ke3 52. Kg3 Kd3 53. Kf3 Kc3 54. Ke3 Re6+ 55. Kf3 Kb3 56. Rh7 a5 57. Rb7+ Kxa4 58. Kf4 Ka3 59. Kf5 Re1 60. Kf4 a4 61. Kf3 Ka2 62. Kf2 Re6 63. Kf3 a3 64. Kf2 Ka1 65. Kf3 Rc6 66. Ke3 Rc2 67. Kd3 Rb2 68. Ra7 a2 69. Re7 Rb3+ 70. Kc2 Rb2+ 71. Kc3 Rb1 72. Re2 Rc1+ 73. Kb3 Rb1+ 74. Ka3 Rc1 75. Rxa2+ Kb1 76. Rb2+ Ka1 77. Rh2 Kb1 78. Kb3 Rf1 79. Rh3 Re1 80. Rd3 Rf1 81. Kc3 Rc1+ 82. Kb3 Rh1 83. Rd2 Rc1 84. Ra2 Rh1 85. Rb2+ Ka1 86. Rg2 Rh3+ 87. Kc2 Rh4 88. Rg3 Rh2+ 89. Kb3 Rh1 90. Rg2 Rb1+ 91. Ka3 Re1 92. Rh2 Rf1 93. Kb3 Rb1+ 94. Kc3 Rf1 95. Rh6 Rc1+ 96. Kb3 Rb1+ 97. Kc2 1-0


[Site "https://www.chess.com"]

[Event "Titled Tuesday Blitz March 07 Late 2023"]
[White "Do Valle Cardoso, Lucas"]
[Black "Ezat, Mohamed"]
[WhiteFideId "2163144"]
[BlackFideId "10600906"]
[WhiteElo "2383"]
[BlackElo "2386"]
[Result "0-1"]
[Round "08"]
[TimeControl "180+2"]
[Date "2023.03.07"]
[WhiteClock "0:00:14"]
[BlackClock "0:00:54"]

1. e4 c6 2. d4 d5 3. Nc3 b5 4. exd5 b4 5. Na4 cxd5 6. a3 e6 7. axb4 Bxb4+ 8. c3 Bd6 9. Nf3 Nf6 10. Bd3 O-O 11. O-O a5 12. Re1 Ba6 13. Bc2 Nbd7 14. b3 Qc7 15. Ba3 Bxa3 16. Rxa3 Bb5 17. Qa1 Rfc8 18. Rc1 Ne4 19. c4 Bxa4 20. Rxa4 Nd6 21. cxd5 Qb6 22. dxe6 fxe6 23. Qb1 Nf6 24. Ng5 Nf5 25. Bxf5 exf5 26. Rac4 Rxc4 27. bxc4 Qxb1 28. Rxb1 a4 29. Kf1 h6 30. Nf3 Ne4 31. Ra1 a3 32. Ke1 a2 33. c5 Rb8 34. Nd2 Rb2 35. Nxe4 Rb1+ 36. Ke2 Rxa1 37. Nc3 Rc1 38. Nxa2 Rc2+ 39. Kd3 Rxa2 40. c6 Kf7 41. d5 Ke7 0-1


[Site "https://www.chess.com"]

[Event "Titled Tuesday Blitz March 07 Late 2023"]
[White "Wartiovaara, Oliver"]
[Black "Guzman, Christopher"]
[WhiteFideId "513024"]
[BlackFideId "6405096"]
[WhiteElo "2214"]
[BlackElo "2281"]
[Result "0-1"]
[Round "08"]
[TimeControl "180+2"]
[Date "2023.03.07"]
[WhiteClock "0:00:03"]
[BlackClock "0:01:39"]

1. d4 Nf6 2. Nf3 e6 3. Nbd2 b6 4. e4 d5 5. e5 Nfd7 6. c3 c5 7. h4 h6 8. h5 Qc7 9. Bd3 Ba6 10. Bxa6 Nxa6 11. Qe2 Qb7 12. O-O Rc8 13. a3 Be7 14. b4 cxd4 15. cxd4 O-O 16. Rd1 Nc7 17. Nf1 Qa6 18. Qe3 Nb5 19. Bb2 Qa4 20. Rac1 a5 21. bxa5 bxa5 22. Rxc8 Rxc8 23. Rc1 Rxc1 24. Qxc1 Bxa3 25. Bxa3 Nxa3 26. Qc8+ Nf8 27. Qd8 Nb5 28. Qe8 Qb4 29. Ne3 Nxd4 30. Nh4 Qe1+ 31. Kh2 Qxf2 32. Ng6 Nf3+ 33. Kh3 Ng1+ 34. Kg4 fxg6 35. hxg6 Ne2 36. Kh5 Ng3+ 37. Kg4 Ne4 38. Nxd5 Qg3+ 0-1


[Site "https://www.chess.com"]

[Event "Titled Tuesday Blitz March 07 Late 2023"]
[White "Dudzinski, Pawel"]
[Black "Fishbein, Alexander"]
[WhiteFideId "1117890"]
[BlackFideId "2000377"]
[WhiteElo "2099"]
[BlackElo "2415"]
[Result "0-1"]
[Round "08"]
[TimeControl "180+2"]
[Date "2023.03.07"]
[WhiteClock "0:00:01"]
[BlackClock "0:01:40"]

1. e4 e5 2. Nf3 Nc6 3. d4 exd4 4. Nxd4 Nf6 5. Nxc6 bxc6 6. e5 Nd5 7. c4 Nb6 8. b3 Bb4+ 9. Bd2 Qe7 10. Bxb4 Qxb4+ 11. Qd2 Qxd2+ 12. Nxd2 O-O 13. O-O-O d6 14. exd6 cxd6 15. Be2 d5 16. cxd5 cxd5 17. Bf3 Bf5 18. Kb2 Rac8 19. Rc1 d4 20. Rxc8 Rxc8 21. Rc1 Rxc1 22. Kxc1 Kf8 23. Be4 Bxe4 24. Nxe4 Ke7 25. Kd2 Ke6 26. Kd3 Kd5 27. Ng5 Nd7 28. Nxf7 Nc5+ 29. Ke2 Ne6 30. g3 h6 31. Kd3 Nc5+ 32. Ke2 Ne4 33. a3 Nc5 34. b4 Ne4 35. f3 Nc3+ 36. Kd3 Na4 37. Nd8 Nb2+ 38. Kc2 Nc4 39. Kb3 Nd2+ 40. Kc2 Nxf3 41. Nb7 Nxh2 42. Nc5 Nf1 43. g4 Ne3+ 44. Kd3 Nxg4 45. Nb3 Ne5+ 46. Ke2 g5 47. Nd2 g4 48. a4 h5 49. b5 h4 50. a5 h3 51. Nf1 d3+ 52. Ke3 h2 53. Nxh2 g3 54. b6 axb6 55. a6 Nc6 56. Nf3 g2 57. Kxd3 Ne5+ 58. Nxe5 g1=Q 0-1


[Site "https://www.chess.com"]

[Event "Titled Tuesday Blitz March 07 Late 2023"]
[White "Poeta, Caio Medeiros"]
[Black "Czernek, Tymon"]
[WhiteFideId "2142660"]
[BlackFideId "1199510"]
[WhiteElo "2191"]
[BlackElo "2156"]
[Result "0-1"]
[Round "08"]
[TimeControl "180+2"]
[Date "2023.03.07"]
[WhiteClock "0:00:12"]
[BlackClock "0:00:10"]

1. d4 d5 2. c4 e6 3. Nf3 Nf6 4. g3 Bb4+ 5. Bd2 Be7 6. Qc2 O-O 7. Bg2 c6 8. O-O b6 9. Bg5 Nbd7 10. Nbd2 h6 11. Bxf6 Nxf6 12. e4 dxc4 13. Nxc4 Bb7 14. Rfd1 Qc7 15. Rac1 Rad8 16. e5 Nd5 17. Ne3 Nxe3 18. fxe3 c5 19. b4 Rc8 20. bxc5 bxc5 21. Qa4 Bc6 22. Qa6 Bb7 23. Qe2 Qa5 24. Rb1 Be4 25. Rbc1 cxd4 26. exd4 Bf5 27. Ne1 Rxc1 28. Rxc1 Rb8 29. Be4 Bxe4 30. Qxe4 Qxa2 31. Nd3 Rb1 32. Rxb1 Qxb1+ 33. Kg2 Qa2+ 34. Kh3 Qc4 35. Kg4 a5 36. Nf4 Qa6 37. d5 exd5 38. Nxd5 Bf8 39. Nf4 a4 40. Qc2 a3 41. Qa2 Qb7 42. e6 fxe6 43. Qxe6+ Qf7 44. Qa6 a2 45. Ne6 h5+ 46. Kh3 Be7 47. Qxa2 Qf1+ 48. Qg2 Qf5+ 49. g4 Qxe6 50. Qa8+ Kh7 51. Qf3 hxg4+ 52. Qxg4 Qxg4+ 53. Kxg4 Kg6 54. h4 Kh6 55. h5 Bg5 56. Kf5 Kxh5 57. Ke4 Bf6 58. Kf3 g5 59. Kg2 g4 0-1


[Site "https://www.chess.com"]

[Event "Titled Tuesday Blitz March 07 Late 2023"]
[White "Flores Quillas, Diego Saul Rodri"]
[Black "Womacka, Mathias"]
[WhiteFideId "3822508"]
[BlackFideId "4611390"]
[WhiteElo "2326"]
[BlackElo "2377"]
[Result "1-0"]
[Round "08"]
[TimeControl "180+2"]
[Date "2023.03.07"]
[WhiteClock "0:00:34"]
[BlackClock "0:00:16"]

1. e4 c5 2. Nf3 d6 3. d4 cxd4 4. Nxd4 Nf6 5. f3 e6 6. c4 Be7 7. Nc3 O-O 8. Be3 Nbd7 9. Qd2 d5 10. exd5 exd5 11. O-O-O Nb6 12. Ndb5 Nxc4 13. Bxc4 dxc4 14. Qxd8 Rxd8 15. Nc7 Bf5 16. Nxa8 Rxa8 17. g4 Bd3 18. Rhe1 Kf8 19. Bd4 a6 20. h4 b5 21. g5 Nh5 22. Nd5 Bd6 23. Be5 Rd8 24. Bxd6+ Rxd6 25. Nb4 Nf4 26. Nxd3 Nxd3+ 27. Kb1 h6 28. Re4 hxg5 29. hxg5 g6 30. b3 Rc6 31. a3 Rc5 32. bxc4 bxc4 33. Kc2 Rxg5 34. Rxc4 Ne5 35. Rc8+ Kg7 36. f4 Rg2+ 37. Rd2 Rxd2+ 38. Kxd2 Nd7 39. Rc6 a5 40. Ra6 Nc5 41. Rc6 Ne6 42. Ke3 Kf6 43. Ra6 Kf5 44. Rxa5+ Kg4 45. Ra4 f5 46. Rc4 g5 47. fxg5+ f4+ 48. Kf2 Nxg5 49. a4 Kf5 50. a5 Ne4+ 51. Rxe4 Kxe4 52. a6 1-0


[Site "https://www.chess.com"]

[Event "Titled Tuesday Blitz March 07 Late 2023"]
[White "Golubev, Mikhail"]
[Black "Lewtak, Damian"]
[WhiteFideId "14100983"]
[BlackFideId "1141724"]
[WhiteElo "2374"]
[BlackElo "2302"]
[Result "1-0"]
[Round "08"]
[TimeControl "180+2"]
[Date "2023.03.07"]
[WhiteClock "0:00:26"]
[BlackClock "0:00:03"]

1. e4 c5 2. Nf3 d6 3. d4 cxd4 4. Nxd4 Nf6 5. Nc3 Nc6 6. Bc4 Qb6 7. Ndb5 a6 8. Be3 Qa5 9. Nd4 e6 10. O-O Be7 11. Bb3 Bd7 12. f4 O-O 13. Qf3 Nxd4 14. Bxd4 Bc6 15. Rad1 b5 16. a3 Qc7 17. Qg3 g6 18. f5 Nxe4 19. Nxe4 Bxe4 20. f6 e5 21. fxe7 Qxe7 22. Be3 Kg7 23. Bg5 f6 24. Qh4 fxg5 25. Qxe4 Rac8 26. Rxf8 Rxf8 27. Qe3 g4 28. Rf1 h5 29. Rxf8 Qxf8 30. Bd5 h4 31. Qg5 g3 32. hxg3 hxg3 33. Qxg3 Qf5 34. Qf2 Qg5 35. c3 Qc1+ 36. Kh2 Qh6+ 37. Kg3 Qg5+ 38. Kh3 Qh6+ 39. Qh4 Qe3+ 40. Kh2 Qc1 41. Be4 g5 42. Qh7+ Kf8 43. Qh6+ Ke7 44. Qg7+ Ke8 45. Bc6+ 1-0


[Site "https://www.chess.com"]

[Event "Titled Tuesday Blitz March 07 Late 2023"]
[White "Vovk, Orest"]
[Black "Averjanov, Alexey"]
[WhiteFideId "14113490"]
[BlackFideId "14109867"]
[WhiteElo "2215"]
[BlackElo "2593"]
[Result "0-1"]
[Round "08"]
[TimeControl "180+2"]
[Date "2023.03.07"]
[WhiteClock "0:00:09"]
[BlackClock "0:00:12"]

1. h4 b5 2. h5 Bb7 3. a3 e6 4. Nc3 a6 5. d4 h6 6. e4 d6 7. d5 exd5 8. Nxd5 Nf6 9. Qd4 Nbd7 10. Nf3 Be7 11. Nc3 O-O 12. g4 c5 13. Qd3 c4 14. Qd4 Nxg4 15. Rg1 Bf6 16. Qxd6 Nde5 17. Nxe5 Qxd6 18. Nxg4 Bxc3+ 19. bxc3 Bxe4 20. Nxh6+ Kh7 21. Ng4 Bf3 22. Be3 Rad8 23. Be2 Bxe2 24. Kxe2 f5 25. Rad1 Qe6 26. Rxd8 Rxd8 27. Nh6 f4 28. Rg6 Qe4 29. Nf7 Qxc2+ 30. Kf3 fxe3 31. Nxd8 Qxf2+ 32. Kg4 e2 33. Ne6 e1=Q 34. Rxg7+ Kh8 35. Re7 Qe4+ 36. Kg5 Qff5+ 37. Kh6 Qe3+ 0-1


[Site "https://www.chess.com"]

[Event "Titled Tuesday Blitz March 07 Late 2023"]
[White "Almeida Quintana, Omar"]
[Black "Hernandez Sanchez, Elvis De La Caridad"]
[WhiteFideId "3503313"]
[BlackFideId "6400353"]
[WhiteElo "2530"]
[BlackElo "2481"]
[Result "1-0"]
[Round "08"]
[TimeControl "180+2"]
[Date "2023.03.07"]
[WhiteClock "0:00:46"]
[BlackClock "0:00:18"]

1. Nf3 c5 2. g3 Nc6 3. Bg2 e5 4. d3 d5 5. O-O Nf6 6. e4 d4 7. a4 Be7 8. Na3 O-O 9. Nc4 Nd7 10. c3 f6 11. a5 Rb8 12. Nh4 b5 13. axb6 Nxb6 14. Na5 Nxa5 15. Rxa5 a6 16. Nf5 Kh8 17. cxd4 cxd4 18. Bd2 Be6 19. Nxe7 Qxe7 20. Rxa6 Nd7 21. b4 Rfc8 22. f4 Qf7 23. Ra3 Ra8 24. Ra5 Rxa5 25. bxa5 Nc5 26. fxe5 Nxd3 27. exf6 Ne5 28. fxg7+ Qxg7 29. a6 Bc4 30. Rf5 Bxa6 31. Bf4 Ng6 32. e5 Qd7 33. Rf6 Re8 34. Rxa6 1-0


[Site "https://www.chess.com"]

[Event "Titled Tuesday Blitz March 07 Late 2023"]
[White "Leiva, Gianmarco"]
[Black "Slade, Theodore"]
[WhiteFideId "3804399"]
[BlackFideId "426547"]
[WhiteElo "2345"]
[BlackElo "1964"]
[Result "0-1"]
[Round "08"]
[TimeControl "180+2"]
[Date "2023.03.07"]
[WhiteClock "0:00:34"]
[BlackClock "0:00:24"]

1. e4 e5 2. Nf3 Nc6 3. Bc4 Bc5 4. O-O Nf6 5. d3 O-O 6. Re1 Ng4 7. Re2 Kh8 8. h3 f5 9. exf5 Nxf2 10. Rxf2 d5 11. Bb5 Bxf2+ 12. Kxf2 Bxf5 13. Bxc6 bxc6 14. Kg1 e4 15. Nd4 exd3 16. Nxf5 Rxf5 17. Qxd3 Qf6 18. Be3 Qxb2 19. Bd4 Qc1+ 20. Kh2 Qf4+ 21. Kg1 Qc1+ 22. Kh2 Qf4+ 23. g3 Qf1 24. Nd2 Qxd3 25. cxd3 Re8 26. Kg1 Re2 27. Nf1 a6 28. a4 Rf3 29. Ra3 Re1 30. Bf2 Rd1 31. Rc3 Rfxd3 32. Rxc6 Ra3 33. Rxc7 h6 34. Kg2 Rxa4 35. Ne3 Rd2 36. Ng4 h5 37. Ne5 Raa2 38. Rf7 a5 39. g4 hxg4 40. hxg4 a4 41. Kg3 Rxf2 42. Rxf2 Rxf2 43. Kxf2 a3 44. Ng6+ Kh7 45. Nf8+ Kg8 0-1


[Site "https://www.chess.com"]

[Event "Titled Tuesday Blitz March 07 Late 2023"]
[White "Sreyas Payyappat"]
[Black "Melikyan, Gnel"]
[WhiteFideId "46674969"]
[BlackFideId "54109990"]
[WhiteElo "2083"]
[BlackElo "2138"]
[Result "1-0"]
[Round "08"]
[TimeControl "180+2"]
[Date "2023.03.07"]
[WhiteClock "0:00:12"]
[BlackClock "0:00:09"]

1. e4 d6 2. d4 Nf6 3. Nc3 e5 4. dxe5 dxe5 5. Qxd8+ Kxd8 6. Bg5 Bd6 7. O-O-O Be6 8. f4 Ke8 9. f5 Bc8 10. Bxf6 gxf6 11. Nd5 Nd7 12. Ne2 h5 13. Nec3 a6 14. Be2 Rh6 15. a4 c6 16. Nb6 Nxb6 17. Rxd6 Ke7 18. Rhd1 Rh8 19. a5 Nd7 20. Na4 h4 21. c4 Rg8 22. Bf3 Rb8 23. c5 Re8 24. Kc2 Nf8 25. Nb6 Nh7 26. Bh5 Ng5 27. Kd3 Rh8 28. Bg4 Rg8 29. h3 Re8 30. Ke3 Rg8 31. Be2 Nh7 32. Bc4 Rg3+ 33. Kf2 Ng5 34. Nxc8+ Rxc8 35. Rd7+ Kf8 36. Rxb7 Nxe4+ 37. Kf1 Ng5 38. Rdd7 e4 39. Bxf7 e3 40. Bc4 Re8 41. Rg7 e2+ 42. Bxe2 Rge3 43. Bc4 Re1+ 44. Kf2 Ne4+ 45. Kxe1 Nxc5+ 46. Kd1 Rd8+ 47. Kc1 Nxb7 48. Rxb7 Rd4 49. b3 Rf4 50. Rf7+ Ke8 51. Rxf6 Rf2 52. Rxc6 Rxg2 53. f6 Rg3 54. f7+ Ke7 55. Rc8 Rf3 56. f8=Q+ Rxf8 57. Rxf8 Kxf8 58. Bxa6 1-0


[Site "https://www.chess.com"]

[Event "Titled Tuesday Blitz March 07 Late 2023"]
[White "Blomqvist, Erik"]
[Black "Przybylski, Wojciech"]
[WhiteFideId "1709437"]
[BlackFideId "1117599"]
[WhiteElo "2436"]
[BlackElo "2222"]
[Result "1-0"]
[Round "08"]
[TimeControl "180+2"]
[Date "2023.03.07"]
[WhiteClock "0:00:07"]
[BlackClock "0:00:05"]

1. e4 e5 2. Nf3 Nc6 3. Bb5 Nf6 4. O-O Nxe4 5. Re1 Nd6 6. a4 Be7 7. Nc3 O-O 8. d4 Nxd4 9. Nxd4 exd4 10. Nd5 Bf6 11. Qg4 Nxb5 12. axb5 d6 13. Qg3 Be6 14. Nf4 Be5 15. Nxe6 fxe6 16. f4 Bf6 17. Rxe6 Qd7 18. Qb3 Qf7 19. Bd2 h6 20. Rae1 Kh8 21. g4 Bh4 22. R1e2 Kg8 23. Qh3 Bd8 24. Qd3 a6 25. b6 Bf6 26. bxc7 Qxc7 27. g5 hxg5 28. fxg5 Be5 29. Qh3 1-0


[Site "https://www.chess.com"]

[Event "Titled Tuesday Blitz March 07 Late 2023"]
[White "Shohat, Yotam"]
[Black "Poliakova, Varvara"]
[WhiteFideId "2813955"]
[BlackFideId "13518313"]
[WhiteElo "2226"]
[BlackElo "2075"]
[Result "0-1"]
[Round "08"]
[TimeControl "180+2"]
[Date "2023.03.07"]
[WhiteClock "0:00:10"]
[BlackClock "0:01:07"]

1. e4 e5 2. f4 d5 3. Nf3 dxe4 4. Nxe5 Nc6 5. Nxc6 bxc6 6. Nc3 Nf6 7. d4 Bg4 8. Be2 Bxe2 9. Nxe2 Bd6 10. O-O O-O 11. Be3 Ng4 12. Qd2 f6 13. h3 Nxe3 14. Qxe3 f5 15. c4 Qf6 16. Rfd1 a5 17. Rac1 a4 18. c5 Be7 19. Nc3 a3 20. b3 Rfd8 21. d5 g5 22. g4 gxf4 23. Qxf4 Qg5 24. Qxf5 Qe3+ 25. Qf2 Bxc5 26. Nxe4 Rf8 27. Qxe3 Bxe3+ 28. Kg2 Bxc1 29. Rxc1 cxd5 30. Ng5 Rae8 31. Rxc7 Re2+ 32. Kg3 Rxa2 33. Ne6 Re8 34. Nd4 Rd2 35. Nf5 Ra8 36. Rg7+ Kh8 37. Kh4 a2 0-1


[Site "https://www.chess.com"]

[Event "Titled Tuesday Blitz March 07 Late 2023"]
[White "Papayan, Oleg"]
[Black "Filgueira, Hernan"]
[WhiteFideId "4193911"]
[BlackFideId "101770"]
[WhiteElo "2153"]
[BlackElo "2363"]
[Result "1/2-1/2"]
[Round "08"]
[TimeControl "180+2"]
[Date "2023.03.07"]
[WhiteClock "0:00:41"]
[BlackClock "0:01:31"]

1. e4 e5 2. Nf3 Nf6 3. d4 Nxe4 4. Bd3 d5 5. Nxe5 Nd7 6. Nxd7 Bxd7 7. O-O Be7 8. Nc3 Nf6 9. Re1 O-O 10. Bf4 c6 11. Ne2 Re8 12. Ng3 Bg4 13. f3 Be6 14. Nf5 Bxf5 15. Bxf5 Qb6 16. Qd3 g6 17. Bh3 Nh5 18. Be5 Bf6 19. Bxf6 Nxf6 20. b3 Qb4 21. c3 Qd6 22. Re3 Rxe3 23. Qxe3 Re8 24. Qd2 Qe7 25. Kf2 Qd6 26. g3 Kg7 27. Re1 Kf8 28. Qh6+ Kg8 29. Rxe8+ Nxe8 30. Qe3 Kf8 31. Bf1 Nf6 32. Bd3 Qe7 1/2-1/2


[Site "https://www.chess.com"]